 Dungeon Crawl Stone Soup version 0.29.1-1-gd02db6906a (webtiles) character file.

Game seed: 10138784108984736286

56 tardwrangler69 the Digger (level 3, -2/21 HPs)
             Began as an Octopode Earth Elementalist on Oct 4, 2022.
             Slain by Sigmund
             ... wielding a +0 scythe
              (10 damage)
             ... on level 2 of the Dungeon.
             The game lasted 00:02:08 (1446 turns).

tardwrangler69 the Digger (OpEE)                    Turns: 1446, Time: 00:02:09

Health: -2/21      AC:  1    Str:  7    XL:     3   Next: 95%
Magic:  5/7        EV: 13    Int: 19    God:
Gold:   123        SH:  0    Dex: 12    Spells: 7/8 levels left

rFire   . . .      SeeInvis .   h - +0 dagger (venom)
rCold   . . .      Faith    .   (no shield)
rNeg    . . .      Spirit   .   (helmet restricted)
rPois   .          Reflect  .   c - amulet of magic regeneration
rElec   .          Harm     .   (no ring)
rCorr   .          Rampage  .   (no ring)
Will    .....                   (no ring)
Stlth   +++.......              (no ring)
HPRegen 0.07/turn               (no ring)
MPRegen 0.50/turn               (no ring)
                                (no ring)
                                (no ring)

@: very slightly contaminated
A: almost no armour, amphibious, 8 rings, camouflage 1, gelatinous body 1,
(nimble swimmer 1), tentacles
a: no special abilities


You were on level 2 of the Dungeon.
You visited 1 branch of the dungeon, and saw 2 of its levels.

You collected 123 gold pieces.

Inventory:

Hand Weapons
 h - a +0 dagger of venom (weapon)
Jewellery
 c - an amulet of magic regeneration (around mantle)
Scrolls
 d - a scroll of identify {unknown}
 e - a scroll of vulnerability {unknown}
 f - a scroll of blinking {unknown}
 g - a scroll of poison {unknown}
Potions
 a - a potion of magic
 b - a potion of attraction {unknown}


   Skills:
 - Level 2.0 Dodging
 - Level 2.6 Stealth
 + Level 3.0 Spellcasting
 - Level 1.0 Transmutations
 + Level 3.9 Earth Magic


You had 7 spell levels left.
You knew the following spells:

 Your Spells              Type           Power      Damage    Failure   Level
a - Sandblast             Erth           34%        2d9       3%          1

Your spell library contained the following spells:

 Spells                   Type           Power      Damage    Failure   Level
 Passwall                 Tmut/Erth      10%        N/A       9%          2
 Necrotise                Necr           8%         1d4       16%         1
 Stone Arrow              Conj/Erth      20%        3d8       21%         3
 Ignite Poison            Fire/Tmut/Pois 4%         N/A       36%         3
 Mephitic Cloud           Conj/Pois/Air  2%         N/A       41%         3
 Vampiric Draining        Necr           2%         2d6       41%         3
 Petrify                  Tmut/Erth      12%        N/A       47%         4
 Agony                    Necr           2%         N/A       99%         5
 Freezing Cloud           Conj/Ice/Air   1%         6-21      99%         5


Dungeon Overview and Level Annotations

Branches:
Dungeon (2/15)

Altars:

Shops:
D:1 !   D:2 [

Annotations:
D:2 Sigmund


Innate Abilities, Weirdness & Mutations

You cannot wear most types of armour.
You are amphibious.
You can wear up to eight rings at the same time.
Your skin changes colour to match your surroundings (Stealth+).
Your rubbery body absorbs attacks. (AC +1, EV +1)
((You are camouflaged when in or above water. (Stealth+)))
You have tentacles for arms and can constrict up to eight enemies at once.


Message History

Aiming: Sandblast (safe; 3% risk of failure)
Press: ? - help, Shift-Dir - straight line, f/p - Sigmund
Aim: Sigmund, wielding a +0 scythe and wearing a +1 robe of the Archmagi (lightly wounded, 80% to hit)
The blast of sand hits Sigmund!
Sigmund is moderately wounded.
Casting: Sandblast (safe; 3% risk of failure)
Confirm with . or Enter, or press ? or * to list all spells.
Aiming: Sandblast (safe; 3% risk of failure)
Press: ? - help, Shift-Dir - straight line, f/p - Sigmund
Aim: Sigmund, wielding a +0 scythe and wearing a +1 robe of the Archmagi (moderately wounded, 80% to hit)
The blast of sand misses Sigmund.
Sigmund hits you from afar with a +0 scythe.
Casting: Sandblast (safe; 3% risk of failure)
Confirm with . or Enter, or press ? or * to list all spells.
Aiming: Sandblast (safe; 3% risk of failure)
Press: ? - help, Shift-Dir - straight line, f/p - Sigmund
Aim: Sigmund, wielding a +0 scythe and wearing a +1 robe of the Archmagi (moderately wounded, 80% to hit)
The blast of sand hits Sigmund!
Sigmund is severely wounded.
Sigmund casts a spell at you. You resist with significant effort.
Sigmund barely misses you.
Casting: Sandblast (safe; 3% risk of failure)
Confirm with . or Enter, or press ? or * to list all spells.
Aiming: Sandblast (safe; 3% risk of failure)
Press: ? - help, Shift-Dir - straight line, f/p - Sigmund
Aim: Sigmund, wielding a +0 scythe and wearing a +1 robe of the Archmagi (severely wounded, 80% to hit)
You miscast Sandblast.
You are very lightly contaminated with residual magic.
Nothing appears to happen.
Casting: Sandblast (safe; 3% risk of failure)
Confirm with . or Enter, or press ? or * to list all spells.
Aiming: Sandblast (safe; 3% risk of failure)
Press: ? - help, Shift-Dir - straight line, f/p - Sigmund
Aim: Sigmund, wielding a +0 scythe and wearing a +1 robe of the Archmagi (severely wounded, 80% to hit)
The blast of sand hits Sigmund but does no damage.
Sigmund is severely wounded.
Sigmund casts a spell at you. You resist with significant effort.
Sigmund hits you from afar with a +0 scythe!
You die...

)# .# .# .# .# .#
######.# .# #.@....#
.##### #.# ..... #@#
..# #.# #.####.## #.#
......#. #†# ##.###.#
###.####### ##.##.##
#..........
#.#...######†...######
##...#..[..†..#.##
##.##............#


You could see Sigmund.

Vanquished Creatures
  2 adders (D:2)
  4 bats (D:1)
  4 endoplasms
  A giant cockroach (D:1)
  2 hobgoblins
  3 jackals (D:2)
  A quokka (D:1)
  5 ball pythons
  2 frilled lizards
  4 goblins
  4 kobolds (D:1)
  4 rats
36 creatures vanquished.

Vanquished Creatures (others)
  3 fungi (D:2)
3 creatures vanquished.

Grand Total: 39 creatures vanquished

Notes
Turn   | Place    | Note
-------+----------+-------------------------------------------
     0 | D:1      | tardwrangler69 the Octopode Earth Elementalist began the
                  | quest for the Orb.
     0 | D:1      | Reached XP level 1. HP: 11/11 MP: 3/3
   117 | D:1      | Reached XP level 2. HP: 4/17 MP: 0/5
   564 | D:1      | Found Leczaenu's Distillery.
   931 | D:2      | Reached XP level 3. HP: 21/21 MP: 6/6
  1314 | D:2      | Found Zoejio's Armour Emporium.
  1438 | D:2      | Noticed Sigmund
  1446 | D:2      | Slain by Sigmund

Illustrated notes

Levels and vault maps discovered:
D:1:      minmay_arrival_jagged, layout_loops_ring, serial_shops, shop
D:2:      layout_loops_ring, serial_shops, shop, minmay_shallow_snake_nest,
          uniq_sigmund

Skill      XL: |  1  2  3 |
---------------+----------+-----
Spellcasting   | 3 |  3.0
Dodging        | |  2.0
Stealth        | |  2.6
Transmutations | |  1.0
Earth Magic    | |  3.9

Action                   || total
-------------------------++-------
Melee: Unarmed           ||     2
       Dagger            ||     1
       Constrict         ||     1
       Tentacles         ||     1
 Cast: Sandblast         ||    48
Armor: Skin              ||     3
Dodge: Dodged            ||    14
